 Dungeon Crawl Stone Soup version 0.29.1-15-g9cfb28693d (webtiles) character file.

Game seed: 18115980304701333663

59 cowcol the Covered (level 3, -4/33 HPs)
             Began as a Minotaur Fighter on Mar 27, 2023.
             Slain by an orc warrior
             ... wielding a +0 short sword
              (12 damage)
             ... on level 3 of the Dungeon.
             The game lasted 00:04:43 (1993 turns).

cowcol the Covered (Minotaur Fighter)               Turns: 1993, Time: 00:04:45

Health: -4/33      AC:  7    Str: 26    XL:     3   Next: 78%
Magic:  2/2        EV:  9    Int:  5    God:
Gold:   91         SH:  4    Dex: 11    Spells: 2/2 levels left

rFire   . . .      SeeInvis .   a - +0 war axe
rCold   . . .      Faith    .   c - +0 buckler
rNeg    . . .      Spirit   .   b - +0 scale mail
rPois   .          Reflect  .   (helmet restricted)
rElec   .          Harm     .   (no cloak)
rCorr   .          Rampage  .   (no gloves)
Will    .....                   (no boots)
Stlth   ..........              (no amulet)
HPRegen 0.11/turn               k - +6 ring of strength
MPRegen 0.08/turn               (no ring)

@: mighty, lethally poisoned (-4 -> -20)
A: horns 2, retaliatory headbutt
a: no special abilities


You were on level 3 of the Dungeon.
You visited 1 branch of the dungeon, and saw 3 of its levels.

You collected 91 gold pieces.

Inventory:

Hand Weapons
 a - a +0 war axe (weapon)
Missiles
 q - 16 stones (quivered)
Armour
 b - a +0 scale mail (worn)
 c - a +0 buckler (worn)
 f - an orb of light
Jewellery
 k - a +6 ring of strength (left hand)
Wands
 p - a wand of paralysis (3)
Scrolls
 g - 2 scrolls of vulnerability
 h - a scroll of summoning {unknown}
 i - a scroll of fog {unknown}
 j - a scroll of identify {unknown}
 m - a scroll of fear {unknown}
 n - a scroll of enchant weapon {unknown}
 o - a scroll of noise {unknown}
 r - a scroll of torment {unknown}
Potions
 d - a potion of might
 e - a potion of cancellation {unknown}
 l - a potion of curing {unknown}
 s - a potion of attraction {unknown}


   Skills:
 + Level 4.2 Fighting
 + Level 3.5 Axes
 + Level 4.6 Armour
 - Level 3.6 Shields


You had 2 spell levels left.
You didn't know any spells.
Your spell library contained the following spells:

 Spells                   Type           Power      Damage    Failure   Level
 Sandblast                Erth           0%         2d4       83%         1
 Passwall                 Tmut/Erth      0%         N/A       93%         2
 Sublimation of Blood     Necr           0%         N/A       93%         2
 Wereblood                Tmut           0%         N/A       93%         2
 Stone Arrow              Conj/Erth      0%         3d7       99%         3
 Summon Hydra             Summ           0%         N/A       100%        7


Dungeon Overview and Level Annotations

Branches:
Dungeon (3/15)

Altars:
Gozag
Hepliaklqana
Ru
Zin


Innate Abilities, Weirdness & Mutations

You have a pair of horns on your head.
You reflexively headbutt those who attack you in melee.


Message History

You closely miss the rat. The rat bites you but does no damage.
You barely miss the rat. The rat bites you but does no damage.
The rat barely misses you.
You slash the rat!
You kill the rat!
You see here a rat corpse.
s - a golden potion You now have 91 gold pieces (gained 16).
There is a stone staircase leading up here.
Found a leather armour and a robe.
Found a sacrificial altar of Ru.
An orc warrior and an orc wizard come into view.
The orc wizard is wielding a +0 dagger of venom.
Found a chain mail.
The orc warrior shouts!
The orc wizard shouts!
You hear a shout!
You feel very mighty all of a sudden.
An orc comes into view. It is wielding a +0 hand axe.
The orc wizard mumbles some strange words.
The orc wizard flickers and vanishes!
Deactivating autopickup; reactivate with Ctrl-A.
The orc warrior hits you with a +0 short sword!
You hit the orc warrior.
The orc warrior is lightly wounded.
You block the orc warrior's attack.
You hit the orc warrior.
The orc warrior is moderately wounded.
You barely miss something. Something hits you but does no damage.
You are poisoned.
The orc warrior hits you with a +0 short sword.
Something hits you.
You are lethally poisoned!
The orc warrior hits you with a +0 short sword.
You slash the orc warrior! You headbutt the orc warrior.
The orc warrior is almost dead.
You hit something.
* * * LOW HITPOINT WARNING * * *
You feel very sick. Something hits you but does no damage.
The orc warrior hits you with a +0 short sword!
You die...

#...†<.#
###....# #....#
#....# #....#
#####....#
#.....#.##
#.#####.# ##@#
#[####{o#
#......o#
#...#...:..o...
#.######.....##
#..[#..#.....#
#...#[.#.###.#
#......+._ +
#.....# ##


You could see an orc warrior and an orc.

Vanquished Creatures
  2 adders (D:2)
  A worm (D:2)
  6 bats
  3 endoplasms (D:2)
  4 giant cockroaches
  8 goblins
  3 hobgoblins
  4 ball pythons
  A frilled lizard (D:2)
  A kobold (D:2)
  2 rats
35 creatures vanquished.

Notes
Turn   | Place    | Note
-------+----------+-------------------------------------------
     0 | D:1      | cowcol the Minotaur Fighter began the quest for the Orb.
     0 | D:1      | Reached XP level 1. HP: 19/19 MP: 0/0
   468 | D:1      | Reached XP level 2. HP: 25/27 MP: 1/1
   752 | D:1      | Found a faded altar of an unknown god.
  1257 | D:2      | Reached XP level 3. HP: 30/33 MP: 2/2
  1948 | D:3      | Found a hazy altar of Hepliaklqana.
  1948 | D:3      | Found an opulent altar of Gozag.
  1948 | D:3      | Found a glowing silver altar of Zin.
  1982 | D:3      | Found a sacrificial altar of Ru.
  1984 | D:3      | Noticed an orc warrior
  1993 | D:3      | Slain by an orc warrior

Illustrated notes

Levels and vault maps discovered:
D:1:      mrwooster_arrival_statue_2, layout_basic,
          ebering_ecumenical_altar_sacrificial, chequers_avenue, hex_large
D:2:      minmay_diamond_boxcup, layout_loops_ring
D:3:      layout_basic, okawaru_ov_weapons_minmay, hangedman_ru_absence,
          chequers_temple_overflow_statue_of_worship, grunt_ministairs_6

Skill      XL: |  1  2 |
---------------+-------+-----
Fighting       | 4 |  4.2
Armour         | 4 |  4.6
Axes           | 3 |  3.5
Shields        | |  3.6

Action                   || total
-------------------------++-------
Melee: War axe           ||    77
       Headbutt          ||     8
Throw: Stone             ||     5
  Use: Scroll            ||     1
       Potion            ||     1
Armor: Scale mail        ||    33
Dodge: Dodged            ||    32
Block: Buckler           ||    13
